[Event "Live Chess"]
[Site "Chess.com"]
[Date "2023.05.21"]
[Round "-"]
[White "Ferrarifan27"]
[Black "ItsNot_Jasper"]
[Result "1-0"]
[WhiteElo "2076"]
[BlackElo "1392"]
[TimeControl "300"]
[EndTime "4:21:01 PDT"]
[Termination "Ferrarifan27 won by resignation"]

1. e4 e5 2. Nf3 Nc6 3. Bb5 Nf6 4.
O-O Nxe4 5. d4 Nd6 6. Bxc6 dxc6 7. dxe5 Nf5 8. Qxd8+ Kxd8 9. Nc3 Ke8 10. Bf4 Be6 11. Rad1 Bc5 12. Ne4 Bb6 13. b3 Rd8 14.
Bg5 Rd7 15. c4 Nd4 16. Nxd4 Bxd4 17. Rd2 Bxe5 18. Rxd7 Kxd7 19. Nc5+ Kc8 20. Nxe6 fxe6 21. Re1 Kd7 22. Rxe5 1-0

[Event "Live Chess"]
[Site "Chess.com"]
[Date "2023.05.21"]
[Round "-"]
[White "Vitalii18a"]
[Black "KeithArkell"]
[Result "0-1"]
[WhiteElo "1144"]
[BlackElo "2503"]
[TimeControl "300"]
[EndTime "4:21:17 PDT"]
[Termination "KeithArkell won by checkmate"]

1. e4 c6 2. Nf3 d5 3. e5 Bg4 4. Be2 e6 5. h3 Bxf3 6. Bxf3 c5 7.
d4 cxd4 8. Qxd4 Nc6 9. Qd1 Nxe5 10.
Nc3 Nf6 11. Bf4 Nxf3+ 12. Qxf3 Bd6 13. Bxd6 Qxd6 14. O-O O-O 15. Nb5 Qb4 16. Nc7 Rac8 17. Nxe6 fxe6 18. Qe3 Ne4 19. f3 Qc5 20. Qxc5 Nxc5 21.
c3 Na4 22. Rfe1 Rc6 23. Rab1 Kf7 24. Kf2 b5 25. Kg3 g5 26. Kg4 Kf6 27. h4 h5+ 28. Kxh5 Rh8+ 29. Kg4 Rxh4+ 30. Kg3 a5 31. Rf1 e5 32. Rbd1 Nb6 33. b3 Rxc3 34. Rf2 d4 35.
Re2 Nd5 36. Re4 Rxe4 37. Rh1 Rh4 38. Rxh4 gxh4+ 39. Kxh4 Rc2 40. a4 Rxg2 41. axb5 Kf5 42. Kh3 Nf4+ 43. Kh4 e4 44. fxe4+ Kxe4 45. b6 Kf5 46. b7 Rg4# 0-1

[Event "Live Chess"]
[Site "Chess.com"]
[Date "2023.05.21"]
[Round "-"]
[White "f4nomore"]
[Black "yeetpizza74"]
[Result "1-0"]
[WhiteElo "1386"]
[BlackElo "502"]
[TimeControl "300"]
[EndTime "4:21:22 PDT"]
[Termination "f4nomore won by checkmate"]

1. d4 e5 2. dxe5 Nc6 3. f4 f6 4.
exf6 Nxf6 5. Nf3 d5 6. e3 Bg4 7. Be2 Bxf3 8. Bxf3 Bb4+ 9. c3 Ba5 10. O-O O-O 11. b4 Bb6 12. a4 a5 13. b5 Ne7 14.
Qe2 Nc6 15. Na3 Ne7 16. Nc2 Ne4 17. Bxe4 dxe4 18. Nd4 Nf5 19. Ne6 Qe7 20. Nxf8 Rxf8 21. Ba3 Qh4 22. Bxf8 Kxf8 23. Qe1 Qg4 24. Qd1 Bxe3+ 25.
Kh1 Bxf4 26. Qxg4 Ne3 27. Qxf4+ Ke7 28. Qxe3 c6 29. Qxe4+ Kd6 30. Rad1+ Kc5 31. Qd4# 1-0

[Event "Live Chess"]
[Site "Chess.com"]
[Date "2023.05.21"]
[Round "-"]
[White "bedsdrout"]
[Black "Mugzwang"]
[Result "0-1"]
[WhiteElo "570"]
[BlackElo "1532"]
[TimeControl "300"]
[EndTime "4:21:31 PDT"]
[Termination "Mugzwang won by checkmate"]

1. e4 c5 2. Qh5 d6 3. Bc4 e6 4. d4 cxd4 5. Nf3 Nc6 6. Nh4 Nf6 7.
Qf3 Be7 8. Nf5 exf5 9. e5 dxe5 10. Bg5 O-O 11. Qg3 Ne4 12. Qf3 Nxg5 13. Qh5 Be6 14.
Bd3 e4 15. Be2 Nb4 16. Bd1 d3 17. cxd3 Nxd3+ 18. Kf1 Qd4 19. Qh4 Qxb2 20. f3 Qxa1 21. fxe4 Qxb1 22. Ke2 fxe4 23. Ke3 Bc5+ 24. Ke2 Qb2+ 25.
Kf1 Bc4 26. Be2 Qc1+ 27. Bd1 Qxd1+ 28. Qe1 Qxe1# 0-1

[Event "Live Chess"]
[Site "Chess.com"]
[Date "2023.05.21"]
[Round "-"]
[White "Abde2012"]
[Black "Tiltador"]
[Result "1-0"]
[WhiteElo "752"]
[BlackElo "808"]
[TimeControl "300"]
[EndTime "4:21:35 PDT"]
[Termination "Abde2012 won by checkmate"]

1. d4 d5 2. c4 dxc4 3. e3 b5 4. Nc3 c6 5. a4 a6 6. axb5 cxb5 7. Qf3 Nc6 8. Qxc6+ Bd7 9. Qb7 e6 10. Rxa6 Rxa6 11.
Qxa6 Bb4 12. Bd2 Bxc3 13. Bxc3 Nf6 14. Nf3 O-O 15. Ne5 Nd5 16. Nxd7 Qxd7 17. g3 b4 18. Bd2 c3 19. bxc3 bxc3 20. Bc1 Qc8 21.
Qd3 Qa8 22. Qe4 Qa1 23. Kd1 Qa4+ 24. Ke1 c2 25. Bd3 Qa1 26. Qxh7# 1-0

[Event "Live Chess"]
[Site "Chess.com"]
[Date "2023.05.21"]
[Round "-"]
[White "Shepherds_Pie"]
[Black "diana21strabt"]
[Result "1-0"]
[WhiteElo "1952"]
[BlackElo "1765"]
[TimeControl "300"]
[EndTime "4:21:36 PDT"]
[Termination "Shepherds_Pie won by resignation"]

1. c4 e5 2. Nc3 Nf6 3. Nf3 Nc6 4.
d4 exd4 5. Nd5 Be7 6. Nxd4 Nxd4 7. Qxd4 O-O 8. Nxe7+ Qxe7 9. g3 d6 10. Bg2 Bg4 11.
e3 c6 12. O-O Qe5 13. b3 Qxd4 14. exd4 Rfe8 15. Be3 h6 16. h3 Bf5 17. Rfe1 Be4 18.
Bf4 Bxg2 19. Kxg2 d5 20. c5 Ne4 21. Rac1 f6 22. Rc2 g5 23. Bc1 Kf7 24. Bb2 f5 25. Rce2 Nf6 26. f3 Rxe2+ 27. Rxe2 Re8 28. Kf2 Rxe2+ 29.
Kxe2 Nh5 30. Kf2 Ke6 31. Bc1 Nf6 32. h4 gxh4 33. gxh4 h5 34. Bg5 Nd7 35. Kg3 b6 36. b4 bxc5 37. bxc5 Nb8 38. Bd8 Na6 39. a3 Kf7 40. Kf4 Kg6 41. Ke5 Nb8 42. Kd6 Kf7 43.
Bc7 Na6 44. Kxc6 Ke6 45. Kb7 Nxc5+ 46. dxc5 d4 47. Bf4 1-0

[Event "Live Chess"]
[Site "Chess.com"]
[Date "2023.05.21"]
[Round "-"]
[White "Swetha_Queen"]
[Black "Nazar_777"]
[Result "0-1"]
[WhiteElo "348"]
[BlackElo "1568"]
[TimeControl "300"]
[EndTime "4:21:37 PDT"]
[Termination "Nazar_777 won on time"]

1. e4 e6 2. Nf3 a6 3. Nc3 h5 4. g3 c5 5. d3 Nf6 6. e5 Ng4 7. h3 Nh6 8. Bxh6 gxh6 9. Be2 Be7 10. g4 hxg4 11. hxg4 Nc6 12. Rh5 Qc7 13. Nd2 Nd4 14. g5 Bxg5 15. Rc1 Qxe5 16. Nf3 Nxf3+ 17. Kf1 Nd2+ 18.
Qxd2 Bxd2 19. Rxe5 Bxc1 20. Rxc5 b5 21. b3 Bb7 22.
Rc7 Bc6 23. Bg4 Rg8 24. Be2 Bd2 25. Nb1 Bb4 26. c3 Ba5 27. b4 Bxc7 28. Na3 a5 29. bxa5 Rxa5 30. Nc2 Rxa2 31. Ne3 Ra1+ 32. Nd1 Ba5 33. c4 Bd2 34. cxb5 Bg2+ 0-1

[Event "Live Chess"]
[Site "Chess.com"]
[Date "2023.05.21"]
[Round "-"]
[White "DoYouLikeCurry"]
[Black "Alfiedog12"]
[Result "1-0"]
[WhiteElo "1415"]
[BlackElo "940"]
[TimeControl "300"]
[EndTime "4:21:37 PDT"]
[Termination "DoYouLikeCurry won by resignation"]

1. e4 c6 2. d4 d5 3. Nc3 dxe4 4. Nxe4 Bf5 5. Ng3 Bg6 6. h4 h6 7. Nf3 Nf6 8. Ne5 Nbd7 9. Nxg6 fxg6 10. Qd3 Qa5+ 11. Bd2 Qb6 12. Qxg6+ Kd8 13. O-O-O Qc7 14. Bc4 b5 15. Be6 h5 16. Bxd7 Qxd7 17. Rhe1 Rh6 18. Bxh6 gxh6 19. Qd3 Bg7 20. Re3 Nd5 21. Re4 Nf6 22.
Re2 Ng4 23. Rde1 Bf6 24. Nxh5 Bxd4 25. Rxe7 Nxf2 26. Rxd7+ Kxd7 27. Qxd4+ Kc7 28. Qxf2 1-0

[Event "Live Chess"]
[Site "Chess.com"]
[Date "2023.05.21"]
[Round "-"]
[White "Dhaydon19"]
[Black "davigator"]
[Result "1-0"]
[WhiteElo "2699"]
[BlackElo "2324"]
[TimeControl "300"]
[EndTime "4:21:39 PDT"]
[Termination "Dhaydon19 won by resignation"]

1. d4 Nf6 2. Nf3 e6 3. g3 b5 4. Bg2 Bb7 5. O-O Be7 6. b3 O-O 7. Bb2 d5 8. Nbd2 Nbd7 9. Rc1 c5 10. c4 dxc4 11. bxc4 b4 12. Nb3 a5 13. dxc5 Nxc5 14.
Nxc5 Bxc5 15. Ne5 Bxg2 16. Kxg2 Qc7 17. Nd3 Be7 18. Qa4 Qb7+ 19. f3 Rfc8 20. Rfd1 Nd7 21. Bd4 Qc6 22. Qb5 Nc5 23. Bxc5 Bxc5 24. Ne5 Qe8 25.
Nd7 Be3 26. Rc2 Rd8 27. Rd3 Ra7 28. Ne5 Bg5 29. Rxd8 Qxd8 30. Nc6 Qd1 31. Qb8+ Bd8 32. Nxd8 h5 33. Nxe6+ Kh7 34. Ng5+ Kg6 35. Qb6+ f6 36.
Qxa7 Qxc2 37. Qf7+ Kxg5 38. Qxg7+ 1-0

[Event "Live Chess"]
[Site "Chess.com"]
[Date "2023.05.21"]
[Round "-"]
[White "JoeyCage"]
[Black "Ian-Morley"]
[Result "1-0"]
[WhiteElo "2290"]
[BlackElo "1051"]
[TimeControl "300"]
[EndTime "4:21:40 PDT"]
[Termination "JoeyCage won by resignation"]

1. e4 e5 2. Nf3 Nc6 3. Bb5 a6 4.
Bxc6 dxc6 5. d4 Bb4+ 6. c3 Be7 7.
Nxe5 f6 8. Qh5+ g6 9. Nxg6 hxg6 10. Qxh8 Kf7 11. Qh7+ Ke6 12. Qxg6 Qf8 13. O-O 1-0

[Event "Live Chess"]
[Site "Chess.com"]
[Date "2023.05.21"]
[Round "-"]
[White "Brooms1989"]
[Black "chrisbradgate"]
[Result "1-0"]
[WhiteElo "1141"]
[BlackElo "870"]
[TimeControl "300"]
[EndTime "4:21:47 PDT"]
[Termination "Brooms1989 won by checkmate"]

1. e4 e5 2. Nc3 Bb4 3. f4 Bxc3 4. dxc3 exf4 5. Nf3 Qe7 6. Bd3 Nf6 7. O-O Nxe4 8.
Bxe4 Qxe4 9. Re1 f5 10. Rxe4+ fxe4 11. Nd4 O-O 12. Qg4 d5 13. Qh4 e3 14. Bxe3 fxe3 15. Re1 Re8 16. Rxe3 Rxe3 17. Qd8+ Kf7 18. Qxd5+ Be6 19.
Nxe6 Re1+ 20. Kf2 Rxe6 21. Qxb7 Rf6+ 22. Kg1 Rd6 23. Qxa8 Rd1+ 24. Kf2 Rd2+ 25. Ke1 Rd8 26. Qf3+ Kg6 27. Qg4+ Kf6 28. Qh4+ Kg6 29. Qxd8 Nc6 30. Qxc7 h5 31. Qxc6+ Kh7 32. Qe4+ g6 33. c4 Kh6 34. c5 a5 35. c6 a4 36. c7 a3 37. bxa3 h4 38. c8=Q Kh5 39. Qc5+ Kh6 40. Qf4+ Kh7 41. Qe7+ Kh8 42. Qff8# 1-0

[Event "Live Chess"]
[Site "Chess.com"]
[Date "2023.05.21"]
[Round "-"]
[White "Geomorph"]
[Black "Conradical12"]
[Result "0-1"]
[WhiteElo "1280"]
[BlackElo "1568"]
[TimeControl "300"]
[EndTime "4:21:52 PDT"]
[Termination "Conradical12 won by checkmate"]

1. e4 e5 2. Nf3 Nc6 3. Bc4 Nf6 4. d4 Nxe4 5. dxe5 Bc5 6. O-O O-O 7.
Qe2 d5 8. exd6 Nxd6 9. Bb3 Re8 10. Qd2 Bg4 11. Ng5 h6 12. Nxf7 Nxf7 13. Qc3 Bd4 14. Qg3 Qf6 15. Qxg4 Qxf2+ 16. Rxf2 Re1# 0-1

[Event "Live Chess"]
[Site "Chess.com"]
[Date "2023.05.21"]
[Round "-"]
[White "friarnator"]
[Black "Doge_Dandolo"]
[Result "1-0"]
[WhiteElo "2003"]
[BlackElo "1882"]
[TimeControl "300"]
[EndTime "4:22:15 PDT"]
[Termination "friarnator won by checkmate"]

1. d4 d5 2. Bf4 Nf6 3. Nc3 c6 4. e3 Bf5 5. Nf3 e6 6. Ne5 Nbd7 7. g4 Bg6 8. h4 h5 9. Nxg6 fxg6 10. g5 Ng8 11.
Qd3 Ne7 12. Bh3 Nf5 13. O-O-O Bb4 14. Ne2 O-O 15. f3 Qe7 16. e4 Nd6 17. Bxd6 Bxd6 18.
e5 Bc7 19. Qxg6 c5 20. Bxe6+ Kh8 21. Qxh5# 1-0

[Event "Live Chess"]
[Site "Chess.com"]
[Date "2023.05.21"]
[Round "-"]
[White "Tushinskiy"]
[Black "raminguy"]
[Result "1-0"]
[WhiteElo "2207"]
[BlackElo "1952"]
[TimeControl "300"]
[EndTime "4:22:16 PDT"]
[Termination "Tushinskiy won by resignation"]

1. d4 d5 2. c3 e6 3. Nf3 Nf6 4.
Bg5 Be7 5. Nbd2 O-O 6. e3 c5 7.
Bd3 cxd4 8. exd4 Nc6 9. Qe2 h6 10. Bh4 Re8 11. O-O Qc7 12. Bg3 Bd6 13. Ne5 b6 14. f4 Bb7 15. Rae1 Rac8 16. Bh4 Be7 17.
Bg3 Ra8 18. Qf3 a6 19. f5 Bd6 20. Nxc6 Bxc6 21. fxe6 fxe6 22. Be5 Bxe5 23. dxe5 Nh7 24. Qh5 Nf8 25. Nf3 Re7 26. Nd4 Be8 27. Qg4 b5 28.
a3 Rb8 29. Rf6 Qa7 30. Ref1 Bd7 31. Rxh6 a5 32. Qh4 1-0

[Event "Live Chess"]
[Site "Chess.com"]
[Date "2023.05.21"]
[Round "-"]
[White "MarkLim1"]
[Black "Goblinbasher"]
[Result "1-0"]
[WhiteElo "1697"]
[BlackElo "1228"]
[TimeControl "300"]
[EndTime "4:22:34 PDT"]
[Termination "MarkLim1 won by checkmate"]

1. d4 f5 2. Nf3 Nf6 3. e3 e6 4.
Be2 Be7 5. O-O O-O 6. c4 d6 7. Nc3 b6 8. b3 Bb7 9. Ng5 Ne4 10. Nxe6 Nxc3 11. Qc2 Nxe2+ 12. Qxe2 Qd7 13. Nxf8 Bxf8 14. Bb2 Qf7 15. d5 c5 16. dxc6 Bxc6 17. Rad1 Qg6 18. f3 Nd7 19. b4 Re8 20. b5 Bb7 21. Rd4 Nc5 22. Rf2 h5 23. Qd2 h4 24. Ba3 h3 25. g3 Be7 26. Bxc5 dxc5 27. Rd7 Bc8 28. Rxa7 Bh4 29. Qd5+ Be6 30. Qe5 Bxc4 31. Qf4 Bxb5 32.
Qxh4 Rxe3 33. Qxh3 Bc6 34. Rc7 Re1+ 35. Kg2 Qd6 36. Rc8+ Kf7 37. Qh5+ g6 38. Qh7+ Kf6 39. Qh8+ Kg5 40. h4# 1-0

[Event "Live Chess"]
[Site "Chess.com"]
[Date "2023.05.21"]
[Round "-"]
[White "f4nomore"]
[Black "KeithArkell"]
[Result "0-1"]
[WhiteElo "1386"]
[BlackElo "2503"]
[TimeControl "300"]
[EndTime "4:22:37 PDT"]
[Termination "KeithArkell won by resignation"]

1. d4 c5 2. dxc5 e6 3. b4 a5 4. Bd2 axb4 5. Bxb4 Na6 6. Ba3 Bxc5 7. Bxc5 Nxc5 8. Nf3 Qa5+ 9. Nbd2 Nf6 10. e3 Nfe4 11.
Be2 Nc3 0-1

[Event "Live Chess"]
[Site "Chess.com"]
[Date "2023.05.21"]
[Round "-"]
[White "RoaringKnights"]
[Black "LL220284LL"]
[Result "0-1"]
[WhiteElo "1076"]
[BlackElo "2327"]
[TimeControl "300"]
[EndTime "4:22:53 PDT"]
[Termination "LL220284LL won by checkmate"]

1. e4 b6 2. Bc4 Bb7 3. d3 e6 4.
Nf3 d5 5. exd5 exd5 6. Bb5+ c6 7. Ba4 Nf6 8. Bg5 Bd6 9. Qe2+ Qe7 10. Bxf6 Qxe2+ 11. Kxe2 gxf6 12. Re1 Nd7 13. Kf1+ Kf8 14. Nc3 a5 15. Nd4 b5 16. Bxb5 cxb5 17. Ncxb5 Be5 18. a4 Ba6 19. Re2 Nc5 20. Rae1 Nxa4 21. b3 Nc3 22. Nxc3 Bxd4 23. Re7 Bxc3 24. R1e3 Bb5 25. Rc7 Bb4 26. c4 dxc4 27. dxc4 Be8 28. c5 Bb5+ 29.
Kg1 Rg8 30. c6 Rg5 31. Rb7 Rc5 32. c7 Rc1+ 33. Re1 Rxe1# 0-1

[Event "Live Chess"]
[Site "Chess.com"]
[Date "2023.05.21"]
[Round "-"]
[White "miguelchuk"]
[Black "ProfPoisson"]
[Result "1-0"]
[WhiteElo "1581"]
[BlackElo "1215"]
[TimeControl "300"]
[EndTime "4:23:08 PDT"]
[Termination "miguelchuk won by resignation"]

1. b3 e5 2. Bb2 Nc6 3. c4 b6 4. Nc3 Nf6 5. e3 a5 6. Nge2 Nb4 7. d3 Bc5 8. a3 Nc6 9. f3 d5 10. cxd5 Nxd5 11. Nxd5 Qxd5 12. Nc3 Qe6 13. Qd2 Ba6 14. Be2 O-O-O 15. O-O f5 16. Na4 e4 17.
Nxc5 bxc5 18. d4 Bxe2 19. Qxe2 cxd4 20. Qa6+ Kd7 21. exd4 Qxb3 22. Rac1 Qb5 23. Qxb5 1-0

[Event "Live Chess"]
[Site "Chess.com"]
[Date "2023.05.21"]
[Round "-"]
[White "Ocelot32"]
[Black "Chesscoach_Golichenko"]
[Result "0-1"]
[WhiteElo "1378"]
[BlackElo "2611"]
[TimeControl "300"]
[EndTime "4:23:12 PDT"]
[Termination "Chesscoach_Golichenko won by checkmate"]

1. e4 Nf6 2. e5 Nd5 3. d4 d6 4. Nf3 g6 5. Bc4 c6 6. O-O Bg7 7. Bxd5 cxd5 8. Nc3 dxe5 9. Nxe5 O-O 10. Be3 Nc6 11.
Nxc6 bxc6 12. Ne2 c5 13. c3 cxd4 14. Bxd4 e5 15. Bc5 Re8 16. Ng3 d4 17. cxd4 exd4 18. Qf3 Ba6 19. Rfd1 d3 20. Rd2 Qa5 21. Ne4 Bb7 22. Qf4 Rxe4 23. Qg5 Re5 24. Qf4 Rxc5 25. Rad1 Qc7 26. Qe3 Qc6 27. f3 Rd8 28. Rxd3 Rxd3 29. Qxd3 Rd5 30. Qe2 Qc5+ 31. Kf1 Ba6 32. Qxa6 Rxd1+ 33.
Ke2 Qc2+ 34. Ke3 Qd2+ 35. Ke4 f5# 0-1

[Event "Live Chess"]
[Site "Chess.com"]
[Date "2023.05.21"]
[Round "-"]
[White "Biranidun"]
[Black "JoshMcK"]
[Result "1-0"]
[WhiteElo "2533"]
[BlackElo "1517"]
[TimeControl "300"]
[EndTime "4:23:18 PDT"]
[Termination "Biranidun won by resignation"]

1. e4 c6 2. d4 d5 3. e5 c5 4. dxc5 e6 5. a3 Bxc5 6. Nf3 Nc6 7. Bd3 Nge7 8. b4 Bb6 9. Bb2 Ng6 10. h4 O-O 11. h5 Nge7 12. h6 g6 13. Nbd2 Nf5 14. c4 d4 15. g4 Nfe7 16. Ne4 a5 17. b5 Nb8 18. a4 Nd7 19. Ba3 Re8 20. Rc1 Ba7 21.
Qd2 Kh8 22. Qf4 Rf8 23. Nfg5 Qe8 24. Nf6 Ng8 25. Nxe8 1-0

[Event "Live Chess"]
[Site "Chess.com"]
[Date "2023.05.21"]
[Round "-"]
[White "Nakula1000"]
[Black "HoarseyHorsey"]
[Result "1-0"]
[WhiteElo "572"]
[BlackElo "1452"]
[TimeControl "300"]
[EndTime "4:23:24 PDT"]
[Termination "Nakula1000 won by resignation"]

1. e4 c5 2. Nf3 e6 3. Nc3 Nc6 4.
d4 cxd4 5. Nxd4 Nf6 6. a3 Be7 7. Nxc6 bxc6 8. e5 Nd5 9. Qg4 O-O 10. Bh6 g6 11. Qd4 Nxc3 12. Bxf8 Bxf8 13. Qxc3 Bg7 14. O-O-O Qc7 15. f4 Rb8 16. Be2 Bf8 17. h4 d6 18.
h5 dxe5 19. hxg6 hxg6 20. Rd8 Qxd8 21. Qxe5 Bg7 22. Qxb8 Bf6 23. Rd1 Qb6 24. Qxc8+ Kg7 25. c3 Qe3+ 26. Rd2 Qxf4 27. Qxc6 Bg5 28. Qd7 Qf2 29.
Kc2 Bxd2 30. Kxd2 Qf4+ 31. Kd1 Qf5 32. Qd3 Qg5 33. g4 Qh4 34. Qd4+ f6 35. Qxa7+ Kh6 36. Qe3+ g5 37. Qxe6 Qh1+ 38. Kc2 Qg2 39. a4 Qf2 40. a5 Kg7 41. a6 1-0

[Event "Live Chess"]
[Site "Chess.com"]
[Date "2023.05.21"]
[Round "-"]
[White "JoeRoot66"]
[Black "wot-not"]
[Result "1-0"]
[WhiteElo "1921"]
[BlackElo "1570"]
[TimeControl "300"]
[EndTime "4:23:25 PDT"]
[Termination "JoeRoot66 won by resignation"]

1. e4 e6 2. d4 d5 3. Bd3 dxe4 4. Bxe4 Nf6 5. Bf3 c5 6. Ne2 Nc6 7.
Be3 cxd4 8. Nxd4 Nxd4 9. Qxd4 Qxd4 10. Bxd4 Be7 11. Nc3 O-O 12. O-O-O a5 13. Nb5 Ra6 14. Nc7 Rc6 15. Bxc6 bxc6 16. Be5 Nd5 17. Nxd5 cxd5 18. Rd3 Ba6 19. Rg3 f6 20. Bc7 a4 21. Re1 e5 22.
c3 Bc5 23. f3 Bf2 24. Rd1 Bxg3 25. hxg3 Bc4 26. a3 Rc8 27. Bd6 Kf7 28. Kb1 Ke6 29. Bb4 Kf5 30. Rh1 h6 31. Rh4 Rd8 32. Kc2 Rd7 33.
Kd2 Bb3 34. Ke3 Bc2 35. Rg4 g6 36. Rh4 h5 37. Bf8 Bb3 38. Bh6 Bc4 39. g4+ Ke6 40.
gxh5 g5 41. Rh2 d4+ 42. cxd4 exd4+ 43. Kd2 d3 44. Bf8 Rh7 45. h6 Kf7 46. Bg7 Kg6 47.
Rh1 f5 48. Rc1 g4 49. Rxc4 1-0

[Event "Live Chess"]
[Site "Chess.com"]
[Date "2023.05.21"]
[Round "-"]
[White "elephantgerrald"]
[Black "Crowded_House"]
[Result "0-1"]
[WhiteElo "686"]
[BlackElo "1650"]
[TimeControl "300"]
[EndTime "4:23:26 PDT"]
[Termination "Crowded_House won on time"]

1. e4 e6 2. d4 d5 3. e5 c5 4.
dxc5 Bxc5 5. c4 Ne7 6. cxd5 Qxd5 7. Qxd5 Nxd5 8. Bb5+ Bd7 9. Bxd7+ Nxd7 10. Nc3 Nxc3 11. bxc3 Nxe5 12. Be3 Bxe3 13. fxe3 Nd3+ 14. Kd2 Nf2 15. Nf3 Nxh1 16. Rxh1 O-O-O+ 17. Ke2 f6 18. g4 h6 19. h4 g5 20. hxg5 hxg5 21. Rxh8 Rxh8 22.
Nd4 Kd7 23. Nb5 a6 24. Nd4 Rh2+ 25. Kd3 Rxa2 26. e4 Rg2 27. Ke3 Rxg4 28. Kf3 Rh4 29. c4 Rh3+ 30. Kg4 Rc3 31. Nb3 Rxc4 32. Nd2 Rd4 33. Nf3 Rxe4+ 34. Kg3 a5 35. Nd2 Re3+ 36. Kf2 Rh3 37. Nf3 Rxf3+ 38. Kxf3 b5 39. Ke2 b4 40. Kd2 b3 41. Kc1 a4 42. Kb2 g4 43. Ka3 g3 44.
Kxa4 b2 45. Kb3 b1=Q+ 46. Kc3 g2 47. Kd4 g1=Q+ 48. Kc4 Qbc1+ 49. Kd3 Qgd1+ 50. Ke4 Qcc2+ 0-1

[Event "Live Chess"]
[Site "Chess.com"]
[Date "2023.05.21"]
[Round "-"]
[White "hturner40"]
[Black "FlyingChessKestrel13"]
[Result "1-0"]
[WhiteElo "1787"]
[BlackElo "2084"]
[TimeControl "300"]
[EndTime "4:23:27 PDT"]
[Termination "hturner40 won by resignation"]

1. Nf3 d5 2. g3 Bf5 3. c4 e6 4.
Qb3 Nd7 5. cxd5 Nc5 6. Qb5+ Qd7 7.
Qxd7+ Nxd7 8. dxe6 Bxe6 9. Bg2 c6 10. O-O Ngf6 11. Nc3 Bc5 12. d4 Bb6 13. e4 O-O 14. h3 Rfe8 15. Be3 Bc4 16. Rfe1 Ba5 17. Nd2 Bd3 18. f3 Rad8 19. Bf1 Bxf1 20. Kxf1 Bb6 21. Nc4 Bc7 22. Kf2 b5 23. Nd2 Bb6 24. a3 Nf8 25.
Nb3 a5 26. Rad1 Ne6 27. d5 Bxe3+ 28. Rxe3 cxd5 29. Nxd5 Nxd5 30. exd5 a4 31. Na5 Nc5 32. Rxe8+ Rxe8 33. d6 Rd8 34. Nc6 Rd7 35. Rd5 Nb7 36. Rxb5 h6 37. Ne5 Nxd6 38. Rb8+ 1-0

[Event "Live Chess"]
[Site "Chess.com"]
[Date "2023.05.21"]
[Round "-"]
[White "FlorinHristea"]
[Black "gmnorfolk"]
[Result "0-1"]
[WhiteElo "1811"]
[BlackElo "2108"]
[TimeControl "300"]
[EndTime "4:23:28 PDT"]
[Termination "gmnorfolk won by resignation"]

1. e3 e5 2. b3 Nc6 3. Bb2 Nf6 4. Qf3 d5 5. Bb5 e4 6. Qg3 Bd6 7. Qxg7 Rg8 8. Qxf6 Qxf6 9. Bxf6 Rxg2 10. Ne2 Rg6 11. Bd4 Bd7 12. Bxc6 bxc6 13. Ng3 O-O-O 14. Bxa7 c5 15. b4 Be5 16. c3 cxb4 17. Bd4 Bd6 18. cxb4 Bxb4 19. Bc3 Bd6 20. a3 c5 21. a4 Kc7 22. a5 Rb8 23. Kf1 Bb5+ 24. Kg2 h5 25. h4 Rbg8 26. Rh3 Bd7 27. a6 Bxh3+ 28. Kxh3 Bxg3 29. a7 Bxf2 30. Be5+ Kb7 31. Bb8 Ka8 32.
Nc3 Bg3 33. Nxd5 Bxb8 34. Nb6+ Rxb6 35. axb8=Q+ Kxb8 0-1

[Event "Live Chess"]
[Site "Chess.com"]
[Date "2023.05.21"]
[Round "-"]
[White "zdanevych"]
[Black "TheSmoulderingMaster"]
[Result "1-0"]
[WhiteElo "1551"]
[BlackElo "1643"]
[TimeControl "300"]
[EndTime "4:23:44 PDT"]
[Termination "zdanevych won by resignation"]

1. d4 Nf6 2. c4 d6 3. Nc3 g6 4. e4 Bg7 5. h3 O-O 6. Nf3 c5 7. d5 Nbd7 8. Bd3 a6 9. O-O Rb8 10. Bd2 Nh5 11. Rb1 Ne5 12. Nxe5 Bxe5 13. b3 Qa5 14.
Qc2 Nf4 15. Ne2 Qc7 16. Nxf4 b5 17. Ne2 Qd7 18. Bc3 Bxc3 19. Qxc3 b4 20. Qd2 e5 21. dxe6 Qxe6 22. Nf4 Qf6 23. Nd5 Qh4 24. Qf4 Qd8 25. e5 dxe5 26. Qxe5 Be6 27. Nf6+ Kh8 28. Nh5+ 1-0

[Event "Live Chess"]
[Site "Chess.com"]
[Date "2023.05.21"]
[Round "-"]
[White "Dhaydon19"]
[Black "Geomorph"]
[Result "1-0"]
[WhiteElo "2699"]
[BlackElo "1280"]
[TimeControl "300"]
[EndTime "4:23:46 PDT"]
[Termination "Dhaydon19 won by resignation"]

1. d4 d5 2. Nf3 Nf6 3. g3 c6 4. Bg2 Bf5 5. O-O Nbd7 6. c3 Qb6 7. Nbd2 e6 8. Nh4 Bg6 9. Nxg6 hxg6 10. e4 Be7 11. e5 Ng8 12. f4 f6 13. Qg4 f5 14.
Qxg6+ Kd8 15. Qxg7 Kc7 16. Qxh8 1-0

[Event "Live Chess"]
[Site "Chess.com"]
[Date "2023.05.21"]
[Round "-"]
[White "YrrriKharkiv"]
[Black "manthanit"]
[Result "1-0"]
[WhiteElo "2064"]
[BlackElo "1080"]
[TimeControl "300"]
[EndTime "4:24:12 PDT"]
[Termination "YrrriKharkiv won by resignation"]

1. d4 d6 2. Nf3 e6 3. c4 g6 4. Nc3 Bg7 5. e4 Ne7 6. Bg5 h6 7. Be3 O-O 8. Qd2 Kh7 9. h4 Nbc6 10. Be2 e5 11. d5 Nd4 12. Nxd4 exd4 13. Bxd4 Bxd4 14.
Qxd4 Ng8 15. O-O-O Re8 16. f4 Nf6 17. Bf3 Bg4 18. e5 dxe5 19. fxe5 Bxf3 20. gxf3 Nh5 21.
Rhg1 Rg8 22. e6 fxe6 23. dxe6 Qxd4 24. Rxd4 Rae8 25. Re1 Ng3 26. Nd5 Nf5 27. Nf6+ Kg7 28. Nxg8 Rxg8 29. Rd7+ Kh8 30. Rxc7 Re8 31. e7 Kg8 32.
Rxb7 Kf7 33. Rxa7 Rxe7 34. Rexe7+ Nxe7 35. Kd2 Kf6 36. Rxe7 Kxe7 37. Ke3 1-0

[Event "Live Chess"]
[Site "Chess.com"]
[Date "2023.05.21"]
[Round "-"]
[White "JoRoSaR"]
[Black "Missedidea"]
[Result "1-0"]
[WhiteElo "1702"]
[BlackElo "1818"]
[TimeControl "300"]
[EndTime "4:24:20 PDT"]
[Termination "JoRoSaR won by resignation"]

1. e4 c5 2. Nf3 d6 3. b3 Nc6 4. Bb2 e5 5. c3 Nf6 6. Qc2 Bd7 7. d3 Be7 8. Be2 O-O 9. O-O Rc8 10. Nbd2 b5 11. d4 b4 12. dxe5 dxe5 13. Rad1 Qc7 14.
Nc4 Bg4 15. Qb1 Rcd8 16. Rfe1 Rxd1 17. Qxd1 Nxe4 18. Nfxe5 Bxe2 19. Qxe2 Nxc3 20. Bxc3 bxc3 21. Nxc6 Qxc6 22. Qxe7 c2 23. Qe2 h6 24. Rc1 Re8 25. Qxc2 Qd5 26. Rd1 Qg5 27. g3 g6 28. Nd6 Rd8 29. Ne4 Rxd1+ 30. Qxd1 Qe7 31. Qd5 Kg7 32. Nxc5 Qe1+ 33. Kg2 Qa1 34. Qd2 a5 35. Nd3 Qd4 36. Qb2 1-0

[Event "Live Chess"]
[Site "Chess.com"]
[Date "2023.05.21"]
[Round "-"]
[White "Twickenham2014"]
[Black "ranvir123"]
[Result "1-0"]
[WhiteElo "2281"]
[BlackElo "963"]
[TimeControl "300"]
[EndTime "4:24:22 PDT"]
[Termination "Twickenham2014 won by checkmate"]

1. e4 e5 2. Nf3 Nc6 3. Bc4 Bc5 4. b4 Bxb4 5. c3 Bc5 6. d4 exd4 7. cxd4 Bb4+ 8. Kf1 d6 9. Qb3 Nf6 10. Bxf7+ Kf8 11. Bd5 a5 12. a3 Nxd5 13. exd5 Bxa3 14. Nxa3 Na7 15. Bg5 Qe8 16. Re1 Qg6 17. h4 c6 18.
h5 Qf5 19. Qe3 Qxd5 20. Qe8# 1-0

[Event "Live Chess"]
[Site "Chess.com"]
[Date "2023.05.21"]
[Round "-"]
[White "FlorinHristea"]
[Black "elephantgerrald"]
[Result "1-0"]
[WhiteElo "1811"]
[BlackElo "686"]
[TimeControl "300"]
[EndTime "4:24:37 PDT"]
[Termination "FlorinHristea won by checkmate"]

1. e4 e5 2. d4 exd4 3. Nf3 Nc6 4.
Bc4 Nf6 5. Nxd4 Nxe4 6. Nxc6 bxc6 7. Qe2 f5 8. f3 d5 9. Bb3 Bb4+ 10. c3 d4 11. fxe4 fxe4 12. Qxe4+ Kd7 13. Qe6# 1-0